cohdb
Replays
Latest Replays
All Replays
Popular Replays
Top Player Replays
Match Explorer
How It Works
Community
CoH3 Stats
Reddit
Sign in to upload your games and track your stats! →
Sign in with Steam
Match 41977236
Unlisted
Match 41977236
Overview
Messages
Build Orders
End
Kradschützen Motorcycle Team
Panzergrenadier Squad
Panzergrenadier Squad
Panzergrenadier Squad
Construct Light Support Kompanie
MG34 Team
Panzerjäger Squad
Assault Mechanized Group
Combat Half-tracks
Construct Mechanized Kompanie
8 Rad Armored Car
8 Rad Armored Car
Selects Armored Support Battlegroup
Selects Salvage Kits
Construct Panzerarmee Kommand
Armored Reserves
StuG Assault Group
Vehicle Survival Package
Panzer III L Medium Tank
Tungsten Core Ammunition
Rapid Advance
Emergency Repair Kits
Panzerpioneer Squad
StuG Assault Group
Flak 36 Anti-tank Gun Team
Selects Veteran Gunners
Selects Panzer Storm
Selects Stuka Anti-tank Loiter
Selects Flammpanzer III Medium Tank
Selects Command Panzer IV F Medium Tank
Flak 36 Anti-tank Gun Team
StuG Assault Group
(502) Bad Gateway
arvysltu
0
0
Comments
sign in to comment!
No comments posted yet!